 Dungeon Crawl Stone Soup version bcrawl-1.12.2 (webtiles) character file.

Game seed: 11992159877771227308

861 Ebbett the Gouger (level 8, 0/43 HPs)
             Began as a Felid Monk on July 24, 2019.
             Was an Elder of Elyvilon.
             Shot with a sling bullet by Joseph (2 damage)
             ... on level 7 of the Dungeon.
             The game lasted 00:43:34 (8834 turns).

Ebbett the Gouger (Felid Monk)                      Turns: 8834, Time: 00:43:35

Health: 0/43       AC:  4    Str:  7    XL:     8   Next: 2%
Magic:  0/10       EV: 23    Int: 12    God:    Elyvilon [****..]
Gold:   494        SH:  0    Dex: 18    Spells: 7/7 levels left
                                        Lives:  0   Deaths: 2

rFire    + . .     SeeInvis +     - Unarmed
rCold    . . .     Gourm    .   (shield unavailable)
rNeg     . . .     Faith    .   (armour unavailable)
rPois    +         Spirit   +   (helmet unavailable)
rElec    .         Reflect  .   (cloak restricted)
rCorr    .         Harm     .   (gloves unavailable)
MR       +....                  (boots unavailable)
Stlth    ++++++....             a - amulet of guardian spirit
HPRegen  0.14/turn              j - ring of flight
MPRegen  0.12/turn              s - ring of stealth

@: about to teleport, quick
A: very small, no armour, no weapons or thrown items, stealth, claws 1, fangs 3,
thin metallic scales 1, see invisible, carnivore, fire resistance 1, speed 1,
poison resistance, shaggy fur 2, slow metabolism 1, weak 1, sharp paws
a: Lesser Healing, Heal Other, Purification, Greater Healing, Divine Protection,
Renounce Religion, Evoke Flight


You were on level 7 of the Dungeon.
You worshipped Elyvilon.
Elyvilon was greatly pleased with you.
You were completely stuffed.

You visited 1 branch of the dungeon, and saw 7 of its levels.

You collected 494 gold pieces.

Inventory:

Jewellery
 a - an amulet of guardian spirit (around neck)
 c - an uncursed amulet of the acrobat
 j - a ring of flight (left paw)
 s - a ring of stealth (right paw)
Wands
 f - a wand of enslavement (12)
 n - a wand of iceblast (10)
 o - a wand of polymorph (8)
 p - a wand of disintegration (4)
Scrolls
 d - 2 scrolls of teleportation
 h - 3 scrolls of enchant weapon
 i - a scroll of remove curse
 m - 3 scrolls of amnesia
Potions
 e - a potion of lignification
 g - 2 potions of haste
 k - 2 potions of curing {unknown}
 l - a potion of brilliance {unknown}
 q - a potion of might
 r - a potion of mutation
 t - a potion of ambrosia {unknown}
Comestibles
 b - 18 rations {!d}
 u - a chunk of flesh


   Skills:
 * Level 5.2 Fighting
 + Level 7.4 Dodging
 + Level 6.4 Stealth
 + Level 9.8 Unarmed Combat
 + Level 2.3 Invocations


You had 7 spell levels left.
You didn't know any spells.
Your spell library was empty.

Dungeon Overview and Level Annotations

Branches:
Dungeon (7/12)             Temple (0/1) D:7
   Lair: D:7-10

Altars:
Elyvilon
Fedhas
Gozag

Shops:
D:5 }   D:7 [

Annotations:
D:7 Joseph


Innate Abilities, Weirdness & Mutations

You cannot wear almost all types of armour.
You are incapable of wielding weapons or throwing items.
Your paws allow you to move quietly. (Stealth)
You have sharp claws.
You have razor-sharp teeth.
You have supernaturally acute eyesight. (SInv)
You are carnivorous and can eat meat at any time.
You cover ground quickly.
You are covered in thick fur. (AC +2)
You have a slow metabolism.
Your sharp claws are effective at attacking unaware monsters.
You are partially covered in thin metallic scales. (AC +2)
Your flesh is heat resistant. (rF+)
Your system is resistant to poisons. (rPois)
You are weak. (Str -2)


Message History

You barely miss Joseph.
Joseph is lightly wounded.
Joseph completely misses you.
You scratch Joseph but do no damage.
Joseph is lightly wounded.
Joseph zaps a wand.
You resist with almost no effort.
Aiming: Polymorph
Press: ? - help, Shift-Dir - straight line, f - Joseph
Aim: Joseph, wielding a +2 quarterstaff of protection, wearing a +0 leather armour and carrying a wand of enslavement (4) (lightly wounded, chance to defeat MR: 28%) Joseph easily resists.
Joseph hits you with a +2 quarterstaff of protection.
* * * LOW HITPOINT WARNING * * *
As you read the scroll of teleportation, it crumbles to dust.
You feel strangely unstable.
Joseph unwields a +2 quarterstaff of protection.
Joseph wields a +0 hunting sling of freezing.
It is covered in frost.
Joseph shoots a sling bullet.
The sling bullet barely misses you.
Joseph shoots a sling bullet.
The sling bullet hits you.
You die...

##≈≈≈≈≈.#####.
#..≈≈≈......#.
#.###...###.#. ####
#.....# #. ..# .###.....#
#.
.#.####@###.#.......#.#.
......................(.
.#.####.###.#.##...##.##
#@# #.#........... #.#
#.#####.###.##
.#.####.###.#####..<#...
.....................####
..
#.#.######.#.#........[.#
.. #.#.# #.#.#.######.#.#
..#.#.# #.#.#.# ###...#
#.#.#.######.#.#.#
#.....#
###.#.#......#.#.#.#
#.##.##


You could see Joseph.

Vanquished Creatures
  A centaur skeleton (D:7)
  Grinder (D:4)
  A hippogriff (D:7)
  Sigmund (D:2)
  A hungry ghost (D:5)
  An ogre (D:4)
  A centaur (D:6)
  Blork the orc (D:5)
  5 bullfrogs
  A wyvern skeleton (D:7)
  A water moccasin skeleton (D:7)
  A scorpion (D:7)
  6 wights (D:6)
  3 crimson imps
  A jelly (D:2)
  2 orc priests
  2 hounds
  7 orc wizards
  Crazy Yiuf (D:6)
  Ijyb (D:4)
  A bullfrog skeleton (D:5)
  Jessica (D:2)
  A worker ant (D:7)
  A hound zombie (D:6)
  2 adders
  9 oozes
  3 adder skeletons
  6 worms
  5 dart slugs
  7 leopard geckos
  12 orcs
  3 giant cockroaches
  9 goblins
  4 hobgoblins
  3 jackals (D:1)
  17 kobolds
  3 quokkas
  A ball python (D:5)
  9 bats
  3 frilled lizards
  A quokka zombie (D:6)
  4 rats (D:1)
144 creatures vanquished.

Vanquished Creatures (others)
  A fungus (D:2)
  7 toadstools (D:2)
8 creatures vanquished.

Grand Total: 152 creatures vanquished

Notes
Turn   | Place    | Note
-------+----------+-------------------------------------------
     0 | D:1      | Ebbett the Felid Monk began the quest for the Orb.
     0 | D:1      | Reached XP level 1. HP: 12/12 MP: 3/3
  1183 | D:1      | Reached XP level 2. HP: 15/16 MP: 4/4
  1272 | D:1      | Reached skill level 4 in Unarmed Combat
  1369 | D:1      | Reached XP level 3. HP: 14/20 MP: 5/5
  1703 | D:2      | HP: 1/20 [bat (1)]
  2348 | D:2      | Noticed Jessica
  2353 | D:2      | Killed Jessica
  2472 | D:2      | Reached skill level 5 in Dodging
  2472 | D:2      | Reached skill level 5 in Unarmed Combat
  2472 | D:2      | Reached XP level 4. HP: 15/24 MP: 6/6
  2472 | D:2      | Reached XP level 5. HP: 18/28 MP: 7/7
  2472 | D:2      | Noticed Sigmund
  2510 | D:2      | Killed Sigmund
  2511 | D:2      | HP: 1/28 [worm (5)]
  4287 | D:3      | Gained mutation: Your spells are a little easier to cast,
                  | but a little less powerful. [potion of mutation]
  4287 | D:3      | Gained mutation: You are agile. (Dex +2) [potion of
                  | mutation]
  4287 | D:3      | Gained mutation: You tend to lose your temper in combat.
                  | [potion of mutation]
  4287 | D:3      | Gained mutation: You are partially covered in large bone
                  | plates. (SH +4) [potion of mutation]
  4503 | D:3      | Found a white marble altar of Elyvilon.
  4533 | D:3      | Became a worshipper of Elyvilon the Healer
  4533 | D:3      | Reached * piety under Elyvilon
  4533 | D:3      | Reached ** piety under Elyvilon
  4895 | D:4      | Gained mutation: You are covered in thick fur. (AC +2)
                  | [Felid growth]
  4895 | D:4      | Reached XP level 6. HP: 32/32 MP: 8/8
  4970 | D:4      | Reached skill level 6 in Unarmed Combat
  4970 | D:4      | Noticed Ijyb
  4988 | D:4      | Killed Ijyb
  5112 | D:4      | Noticed Grinder
  5137 | D:4      | Killed Grinder
  5909 | D:5      | Entered Level 5 of the Dungeon
  5933 | D:5      | Found Sunokk's Gadget Shoppe.
  5945 | D:5      | Reached skill level 5 in Stealth
  5945 | D:5      | Reached XP level 7. HP: 37/37 MP: 9/9
  6089 | D:5      | Noticed Blork the orc
  6089 | D:5      | Reached skill level 7 in Unarmed Combat
  6104 | D:5      | Noticed a hungry ghost
  6134 | D:5      | Killed Blork the orc
  6150 | D:5      | Killed a hungry ghost
  6467 | D:5      | Lost mutation: You are partially covered in large bone
                  | plates. (SH +4) [potion of mutation]
  6467 | D:5      | Lost mutation: Your spells are a little easier to cast, but
                  | a little less powerful. [potion of mutation]
  6467 | D:5      | Gained mutation: You expend magic power (3 MP) to
                  | strengthen your wands. [potion of mutation]
  6468 | D:5      | Lost mutation: You tend to lose your temper in combat.
                  | [potion of mutation]
  6468 | D:5      | Lost mutation: You expend magic power (3 MP) to strengthen
                  | your wands. [potion of mutation]
  6468 | D:5      | Lost mutation: You are agile. (Dex +2) [potion of mutation]
  6468 | D:5      | Gained mutation: Your flesh is heat resistant. (rF+)
                  | [potion of mutation]
  6468 | D:5      | Gained mutation: You are partially covered in thin metallic
                  | scales. (AC +2) [potion of mutation]
  6468 | D:5      | Gained mutation: You are weak. (Str -2) [potion of
                  | mutation]
  6468 | D:5      | Gained mutation: Your system is resistant to poisons.
                  | (rPois) [potion of mutation]
  6509 | D:5      | Reached *** piety under Elyvilon
  7018 | D:6      | Reached skill level 8 in Unarmed Combat
  7402 | D:6      | Found an opulent altar of Gozag.
  7412 | D:6      | Reached XP level 8. HP: 42/42 MP: 10/10
  7438 | D:6      | Slain by an orc warrior
  7439 | D:6      | Reached XP level 7. HP: -1/38 MP: 0/9
  7826 | D:6      | Found a runed door.
  8005 | D:6      | HP: 1/38 [orc warrior/+0 hand axe (8)]
  8009 | D:6      | Elyvilon protects you from harm!
  8011 | D:6      | Demolished by an orc warrior
  8012 | D:6      | Reached XP level 6. HP: -17/34 MP: 0/8
  8284 | D:6      | Noticed Crazy Yiuf
  8288 | D:6      | Killed Crazy Yiuf
  8440 | D:7      | Found Dadweus's Antique Armour Shop.
  8490 | D:7      | Found a blossoming altar of Fedhas.
  8592 | D:7      | Found a staircase to the Ecumenical Temple.
  8593 | D:7      | Reached skill level 9 in Unarmed Combat
  8624 | D:7      | Reached **** piety under Elyvilon
  8681 | D:7      | Reached XP level 7. HP: 38/38 MP: 9/9
  8779 | D:7      | Reached skill level 5 in Fighting
  8779 | D:7      | Noticed a hippogriff
  8786 | D:7      | Killed a hippogriff
  8817 | D:7      | Reached XP level 8. HP: 35/43 MP: 10/10
  8817 | D:7      | Noticed Joseph
  8831 | D:7      | HP: 2/43 [Joseph/+2 quarterstaff of protection (5)]
  8834 | D:7      | Shot with a sling bullet by Joseph

Skill      XL: |  1  2  3  4  5  6  7 |
---------------+----------------------+-----
Unarmed Combat | 4 5 9 8 |  9.8
Dodging        | 5 7 |  7.4
Stealth        | 4 5 6 |  6.4
Fighting       | 5 |  5.2
Invocations    | |  2.3

Action                   |  1- 3 |  4- 6 |  7- 9 || total
-------------------------+-------+-------+-------++-------
Melee: Unarmed           |   130 |   217 |   229 ||   576
       Bite              |    14 |    24 |    16 ||    54
       Punch             |     4 |     8 |     8 ||    20
Invok: Lesser Healing    |       |     3 |       ||     3
Evoke: Wand              |       |       |     1 ||     1
  Use: Scroll            |       |     7 |     4 ||    11
       Potion            |       |     5 |     4 ||     9
 Stab: Sleeping          |     6 |     9 |     5 ||    20
  Eat: Chunk             |     2 |    10 |    10 ||    22
Armor: Skin              |    11 |    20 |    40 ||    71
Dodge: Dodged            |   154 |   137 |   170 ||   461
Block: Other             |       |    11 |    10 ||    21
